 Dungeon Sprint DCSS version 0.18.1-8-gdd0e5ea (webtiles) character file.

359 pipel the Thaumaturge (level 6, -5/36 HPs)
             Began as an Octopode Air Elementalist on May 25, 2016.
             Was a Believer of Vehumet.
             Slain by a troll (10 damage)
             ... in the Dungeon (Sprint IX: "|||||||||||||||||||||||||||||").
             The game lasted 00:03:05 (196 turns).

pipel the Thaumaturge (Octopode Air Elementalist)    Turns: 196, Time: 00:03:06

Health: -5/36      AC:  1    Str: 10    XL:     6   Next: 65%
Magic:  17/20      EV: 12    Int: 19    God:    Vehumet [**....]
Gold:   0          SH:  0    Dex: 16    Spells: 4 memorised, 17 levels left

rFire  . . .     SeeInvis .     b - staff of energy
rCold  . . .     Gourm    .     (no shield)
rNeg   . . .     Faith    .     (helmet restricted)
rPois  .         Spirit   .     (no amulet)
rElec  .         Dismiss  .     q - +3 ring of dexterity
rCorr  .         Reflect  .     r - +3 ring of strength
SustAt .         Harm     .     (no ring)
MR     .....     NoTele   +     (no ring)
Stlth  +++.......               (no ring)
                                (no ring)
                                (no ring)
                                (no ring)

@: repel missiles, not resistant to hostile enchantments, fairly stealthy
A: almost no armour, amphibious, 8 rings, constrict 8, camouflage 1, gelatinous
body 1
a: Renounce Religion


You were in the Dungeon.
You worshipped Vehumet.
Vehumet was pleased with you.
You were not hungry.

You visited 1 branch

Inventory:

Hand Weapons
 a - a +2 rapier of draining
 o - a +2 morningstar of crushing
 p - a +2 scimitar of flaming
Magical Staves
 b - an uncursed staff of energy (weapon)
Jewellery
 q - a +3 ring of dexterity (left tentacle)
 r - a +3 ring of strength (right tentacle)
Wands
 l - a wand of iceblast (6/15)
Scrolls
 h - 2 scrolls of blinking
 j - 3 scrolls of remove curse
 k - 2 scrolls of amnesia
Potions
 c - 5 potions of curing
 d - 3 potions of heal wounds
 e - a potion of haste
 f - 4 potions of magic
 g - a potion of invisibility
Books
 n - a book of Air

   Spells                             Type                      Level
   a - Shock                          Conjuration/Air              1
   b - Swiftness                      Charms/Air                   2
   c - Repel Missiles                 Charms/Air                   2
   d - Static Discharge               Conjuration/Air              3
   e - Lightning Bolt                 Conjuration/Air              5
Comestibles
 i - 11 chunks of flesh
 m - a bread ration


   Skills:
 - Level 2.0 Dodging
 - Level 2.6 Stealth
 + Level 11.8 Spellcasting
 + Level 3.8 Conjurations
 - Level 3.4 Air Magic


You had 17 spell levels left.
You knew the following spells:

 Your Spells              Type           Power        Failure   Level  Hunger
a - Shock                 Conj/Air       ####         1%          1    None
b - Lightning Bolt        Conj/Air       ####......   38%         5    None
d - Static Discharge      Conj/Air       ####....     4%          3    None
r - Repel Missiles        Chrm/Air       ###...       6%          2    None


Dungeon Overview and Level Annotations

Branches:
Dungeon (1/1)

Altars:
Cheibriados
Dithmenos
Elyvilon
Fedhas
Gozag
Kikubaaqudgha
Makhleb
Nemelex Xobeh
Okawaru
Pakellas
Qazlal
Ru
Sif Muna
Trog
Vehumet
Xom
Yredelemnul
Zin
The Shining One
Beogh
Jiyva
Lugonu


Innate Abilities, Weirdness & Mutations

You cannot wear most types of armour.
You are amphibious.
You can wear up to eight rings at the same time.
You can use your tentacles to constrict eight enemies at once.
Your skin changes colour to match your surroundings (Stealth).
Your rubbery body absorbs attacks (AC +1).


Message History

The troll is moderately wounded.
The troll shouts!
The iceblast engulfs the adder zombie.
The adder zombie partially resists.
This wand has 6 charges left.
The centaur shouts!
The cyan ugly thing gurgles horribly!
Unknown command.
Unknown command.
Casting: Static Discharge
Confirm with . or Enter, or press ? or * to list all spells.
The spell is very dangerous to cast!
Continue anyway?
Okay, then.
Casting: Static Discharge
Confirm with . or Enter, or press ? or * to list all spells.
The troll is struck by lightning.
The troll is severely wounded.
The lightning grounds out.
The troll bites you!!
Ouch! That really hurt!
* * * LOW HITPOINT WARNING * * *
The troll claws you!
You die... ▓▓▓▓▓▓▓▓▓▓▓▓▓▓▓▓▓▓▓▓▓▓▓▓ '...)[[[..÷÷†...@TZ.Kcuz ▓▓▓▓▓▓▓▓▓▓▓▓▓▓▓▓▓▓▓▓▓▓▓▓

You could see a cyan ugly thing, a troll, a big kobold, a centaur, a wight and an adder zombie.

Vanquished Creatures
  A centaur (D)
  2 giant frogs (D)
  A killer bee (D)
  A crimson imp (D)
  A hound (D)
  An iguana (D)
  A shadow imp (D)
  An adder zombie (D)
  A goblin (D)
  A hobgoblin (D)
  2 jackals (D)
  A giant cockroach zombie (D)
  2 rats (D)
16 creatures vanquished.

Notes
Turn   | Place    | Note
--------------------------------------------------------------
     0 | D        | pipel the Octopode Air Elementalist began the quest for the Orb.
     0 | D        | Reached XP level 1. HP: 11/11 MP: 3/3
     9 | D        | Reached skill level 3 in Spellcasting
    50 | D        | Noticed a crimson imp
    50 | D        | Noticed a centaur
    61 | D        | Killed a crimson imp
    61 | D        | Reached skill level 6 in Spellcasting
    61 | D        | Reached XP level 2. HP: 17/17 MP: 0/9
    61 | D        | Reached XP level 3. HP: 21/21 MP: 0/10
    65 | D        | Killed a centaur
    65 | D        | Reached skill level 8 in Spellcasting
    65 | D        | Reached XP level 4. HP: 27/27 MP: 0/14
    65 | D        | Reached XP level 5. HP: 31/31 MP: 0/16
    78 | D        | Learned a level 2 spell: Repel Missiles
    80 | D        | Found a glowing silver altar of Zin.
    80 | D        | Found a glowing golden altar of the Shining One.
    80 | D        | Found an ancient bone altar of Kikubaaqudgha.
    80 | D        | Found a basalt altar of Yredelemnul.
    80 | D        | Found a shimmering altar of Xom.
    80 | D        | Found a radiant altar of Vehumet.
    81 | D        | Found an iron altar of Okawaru.
    82 | D        | Found a burning altar of Makhleb.
    83 | D        | Found a deep blue altar of Sif Muna.
    84 | D        | Found a bloodstained altar of Trog.
    85 | D        | Found a sparkling altar of Nemelex Xobeh.
    86 | D        | Found a white marble altar of Elyvilon.
    87 | D        | Found a roughly hewn altar of Beogh.
    88 | D        | Became a worshipper of Vehumet
    89 | D        | Found a viscous altar of Jiyva.
    90 | D        | Found a corrupted altar of Lugonu.
    91 | D        | Found a blossoming altar of Fedhas.
    92 | D        | Found a snail-covered altar of Cheibriados.
    93 | D        | Found a shadowy altar of Dithmenos.
    94 | D        | Found a stormy altar of Qazlal.
    95 | D        | Found an opulent altar of Gozag.
    96 | D        | Found a sacrificial altar of Ru.
    97 | D        | Found an oddly glowing altar of Pakellas.
   110 | D        | Learned a level 5 spell: Lightning Bolt
   114 | D        | Learned a level 3 spell: Static Discharge
   164 | D        | Reached skill level 9 in Spellcasting
   166 | D        | Reached * piety under Vehumet
   166 | D        | Offered knowledge of Sandblast by Vehumet.
   166 | D        | Reached skill level 10 in Spellcasting
   166 | D        | Reached XP level 6. HP: 27/36 MP: 11/19
   167 | D        | Reached skill level 11 in Spellcasting
   168 | D        | Reached ** piety under Vehumet
   194 | D        | Noticed a troll
   194 | D        | Noticed a cyan ugly thing
   196 | D        | Slain by a troll

Skill      XL: |  1  2  3  4  5  6 |
---------------+-------------------+-----
Spellcasting   | 6 8 10 11 | 11.8
Conjurations   | 2 3 |  3.8
Dodging        | |  2.0
Stealth        | |  2.6
Air Magic      | |  3.4

Action                   |  1- 3 |  4- 6 || total
-------------------------+-------+-------++-------
Melee: Unarmed           |    12 |     3 ||    15
       Constrict         |     2 |     1 ||     3
       Tentacles         |     2 |       ||     2
 Cast: Shock             |     6 |     6 ||    12
       Repel Missiles    |       |     1 ||     1
       Static Discharge  |       |     2 ||     2
Evoke: Staff of energy   |       |     6 ||     6
       Wand              |       |     1 ||     1
  Use: Potion            |     1 |       ||     1
Dodge: Dodged            |     9 |     2 ||    11
